 Dungeon Crawl Stone Soup version 0.29.0-5-ge4962eb29e (webtiles) character file.

Game seed: 16148481159234645950

791 ImASeal the Cudgeller (level 7, -4/70 HPs)
             Began as a Troll Chaos Knight on Aug 27, 2022.
             Was a Plaything of Xom.
             Slain by a kobold brigand
             ... wielding a +0 whip of venom
              (5 damage)
             ... on level 6 of the Dungeon.
             The game lasted 00:18:34 (4529 turns).

ImASeal the Cudgeller (Troll Chaos Knight)          Turns: 4529, Time: 00:18:40

Health: -4/70      AC: 13    Str: 30    XL:     7   Next: 57%
Magic:  6/6        EV: 11    Int:  8    God:    Xom [.....*]
Gold:   308        SH:  5    Dex: 13    Spells: 6/6 levels left

rFire   . . .      SeeInvis .   a - +1 mace (chaos)
rCold   . . .      Faith    .   (no shield)
rNeg    . . .      Spirit   .   b - +2 robe
rPois   .          Reflect  +   (helmet restricted)
rElec   .          Harm     .   n - +2 cloak
rCorr   .          Rampage  .   (gloves unavailable)
Will    .....      NoTele   +   (boots unavailable)
Stlth   ++........              F - amulet of Ufead {Reflect -Tele Str+7 Dex+4 SH+5}
HPRegen 1.01/turn               h - +4 ring of protection
MPRegen 0.10/turn               x - +4 ring of slaying

@: mighty, lethally poisoned (-4 -> -6), attractive
A: large, unfitting armour, claws 3, regeneration 1, shaggy fur 1, tough skin 1
a: Renounce Religion


You were on level 6 of the Dungeon.
You worshipped Xom.
You were Xom's teddy bear.
You visited 1 branch of the dungeon, and saw 6 of its levels.

You collected 392 gold pieces.
You spent 84 gold pieces at shops.

Inventory:

Hand Weapons
 a - a +1 mace of chaos (weapon)
 v - a +2 vorpal dire flail
Armour
 b - a +2 robe (worn)
 n - a +2 cloak (worn)
Jewellery
 h - a +4 ring of protection (left claw)
 j - an amulet of magic regeneration
 w - an amulet of regeneration
 x - a +4 ring of slaying (right claw)
 D - an amulet of guardian spirit
 F - the amulet of Ufead (around neck) {Reflect -Tele Str+7 Dex+4 SH+5}
   (Xom gifted it to you on level 6 of the Dungeon)

   [amulet of reflection]

   It reflects blocked missile attacks.
   Str:       It affects your strength (+7).
   Dex:       It affects your dexterity (+4).
   -Tele:     It prevents most forms of teleportation.
   SH:        It affects your SH (+5).
Wands
 y - a wand of paralysis (14)
 C - a wand of roots (4)
Scrolls
 d - a scroll of blinking {unknown}
 e - 7 scrolls of identify
 i - a scroll of fear {unknown}
 l - a scroll of enchant weapon
 m - 2 scrolls of teleportation {unknown}
 q - a scroll of immolation {unknown}
 u - a scroll of enchant armour {unknown}
 z - a scroll of torment {unknown}
 B - a scroll of butterflies {unknown}
 E - a scroll of acquirement {unknown}
Potions
 f - 3 potions of heal wounds {unknown}
 g - 3 potions of attraction
 k - a potion of cancellation {unknown}
 o - 2 potions of curing
 p - 3 potions of berserk rage {unknown}
 r - 3 potions of might
 s - a potion of mutation {unknown}
 t - a potion of lignification {unknown}
 A - a potion of flight {unknown}
Miscellaneous
 c - a piece from Xom's chessboard (15/15) (quivered)


   Skills:
 + Level 4.0 Fighting
 + Level 6.2 Maces & Flails
 + Level 3.5 Dodging
 + Level 1.2 Stealth


You had 6 spell levels left.
You didn't know any spells.
Your spell library contained the following spells:

 Spells                   Type           Power      Damage    Failure   Level
 Magic Dart               Conj           0%         1d3       41%         1
 Sting                    Tmut/Pois      0%         1d3       41%         1
 Blink                    Tloc           0%         N/A       54%         2
 Call Imp                 Summ           0%         N/A       54%         2
 Poisonous Vapours        Pois/Air       0%         N/A       54%         2
 Lesser Beckoning         Tloc           0%         N/A       78%         3
 Mephitic Cloud           Conj/Pois/Air  0%         N/A       78%         3
 Olgreb's Toxic Radiance  Pois           0%         N/A       99%         4
 Manifold Assault         Tloc           0%         N/A       100%        5
 Summon Forest            Summ/Tloc      0%         N/A       100%        5
 Eringya's Noxious Bog    Tmut/Pois      0%         N/A       100%        6
 Summon Hydra             Summ           0%         N/A       100%        7


Dungeon Overview and Level Annotations

Branches:
Dungeon (6/15)             Temple (0/1) D:6

Altars:
Gozag
Makhleb
Xom

Shops:
D:3 !

Annotations:
D:6 floatboth's ghost, amateur DsGl


Innate Abilities, Weirdness & Mutations

You are too large for most types of armour.
You have claws for hands.
Your natural rate of healing is unusually fast.
You are covered in fur. (AC +1)
You have tough skin. (AC +1)


Message History

The poisoned dart hits you!
You are more poisoned.
* * * LOW HITPOINT WARNING * * *
You feel extremely sick.
The kobold brigand hits you with a +0 whip of venom!
* * * LOW HITPOINT WARNING * * *
You are more poisoned.
The kobold brigand barely misses you.
You feel better. The kobold brigand barely misses you.
The kobold brigand closely misses you.
You feel very mighty all of a sudden.
The kobold brigand hits you with a +0 whip of venom.
* * * LOW HITPOINT WARNING * * *
The kobold brigand hits you with a +0 club.
* * * LOW HITPOINT WARNING * * *
The kobold brigand hits you but does no damage. x2
You are poisoned.
The kobold brigand misses you.
The kobold brigand hits you but does no damage.
Unknown command.
You sock the kobold brigand!
The kobold brigand suddenly seems more agile.
The kobold brigand is heavily wounded.
You feel yourself speed up.
You feel sick. You block the kobold brigand's attack.
The kobold brigand hits you with a +0 whip of venom.
* * * LOW HITPOINT WARNING * * *
You are more poisoned.
The kobold brigand hits you but does no damage.
The kobold brigand hits you with a +0 club.
* * * LOW HITPOINT WARNING * * *
The kobold brigand completely misses you.
It was a potion of attraction.
You feel attractive to monsters.
Xom roars with laughter!
* * * LOW HITPOINT WARNING * * *
You feel very sick.
The kobold brigand hits you with a +0 whip of venom.
You die...
Xom snickers!

........#.#.#..K#K##.#####...####
.......##.##..WKK###.# #..## #
#.....###..##''K##...# #.##
##...## #......KK...## #.# ###'##
#.####)#>##.# #.# # #.#
#.......##..# ###.# # #.#
#########K..# #...#
################KKK.# #.###
###...###...####@K### #.#
##....###....###..# #.# ##
##....###....###..# #.# #.
#..#...#...#..##..# #.#######.
#..##.....##..#..## #.........
...###...###....## #########.
...###...###...## #.
######...####### #. ######### #.


You could see 5 kobold brigands.

Vanquished Creatures
  An ice beast (D:6)
  2 ogres
  A necrophage (D:5)
  An orc priest (D:4)
  A jelly (D:6)
  2 hounds
  Terence (D:3)
  3 iguanas
  5 adders
  A white imp (D:5)
  2 ufetubi
  A worm (D:3)
  11 orcs
  8 ball pythons
  2 endoplasms
  A giant cockroach (D:4)
  9 goblins
  7 hobgoblins
  2 jackals (D:1)
  6 kobolds
  3 quokkas
  4 bats
  4 frilled lizards
  5 rats
83 creatures vanquished.

Vanquished Creatures (collateral kills)
  A water moccasin (D:6)
1 creature vanquished.

Grand Total: 84 creatures vanquished

Notes
Turn   | Place    | Note
-------+----------+-------------------------------------------
     0 | D:1      | ImASeal the Troll Chaos Knight began the quest for the Orb.
     0 | D:1      | Reached XP level 1. HP: 22/22 MP: 0/0
   242 | D:1      | Found a faded altar of an unknown god.
   248 | D:1      | Reached XP level 2. HP: 26/29 MP: 1/1
   251 | D:1      | Reached skill level 3 in Maces & Flails
   412 | D:1      | You fall into a shaft and drop 1 floor!
   715 | D:2      | Reached XP level 3. HP: 36/36 MP: 2/2
  1343 | D:2      | XOM is BORED!
  1343 | D:2      | XOM: silly message
  1629 | D:3      | XOM: silly message
  1732 | D:3      | Noticed Terence
  1738 | D:3      | XOM: silly message
  1758 | D:3      | Killed Terence
  1759 | D:3      | Reached XP level 4. HP: 41/45 MP: 3/3
  1882 | D:3      | Found Hujeigem's Distillery.
  1890 | D:3      | Bought a potion of might for 48 gold pieces
  1890 | D:3      | Bought a potion of curing for 36 gold pieces
  1925 | D:3      | XOM: divination: detect items
  2055 | D:3      | XOM: cloud trail
  2158 | D:4      | Reached skill level 4 in Maces & Flails
  2158 | D:4      | Reached XP level 5. HP: 45/53 MP: 4/4
  2221 | D:4      | Found an opulent altar of Gozag.
  2245 | D:4      | Found a burning altar of Makhleb.
  2382 | D:4      | XOM: cast spell 'Leda's Liquefaction'
  2384 | D:4      | XOM: potion effect (haste)
  2398 | D:4      | XOM: scenery: create altars
  2600 | D:5      | Entered Level 5 of the Dungeon
  2751 | D:5      | XOM: fake destruction
  2754 | D:5      | Reached XP level 6. HP: 60/61 MP: 5/5
  3223 | D:5      | Reached skill level 5 in Maces & Flails
  3438 | D:5      | XOM: god gift: Fen Folio
  3459 | D:5      | XOM: scenery: summon butterflies
  3678 | D:6      | Noticed floatboth's ghost (amateur DsGl)
  3679 | D:6      | Found a runed translucent gate.
  3679 | D:6      | Found a runed translucent gate.
  3679 | D:6      | Found a runed translucent gate.
  3745 | D:6      | Noticed an ice beast
  3752 | D:6      | Killed an ice beast
  3753 | D:6      | Reached skill level 1 in Stealth
  3753 | D:6      | Reached XP level 7. HP: 68/68 MP: 6/6
  3805 | D:6      | XOM: scenery: create altars
  3829 | D:6      | XOM: god gift: wand of paralysis (5)
  3930 | D:6      | XOM: summons friendly quasit
  3980 | D:6      | XOM: 2-stop teleportation journey
  3988 | D:6      | Found a staircase to the Ecumenical Temple.
  3995 | D:6      | Reached skill level 6 in Maces & Flails
  4150 | D:6      | Identified the amulet of Ufead {Reflect -Tele Str+7 Dex+4
                  | SH+5} (Xom gifted it to you on level 6 of the Dungeon)
  4150 | D:6      | XOM: god gift: amulet of Ufead {Reflect -Tele Str+7 Dex+4
                  | SH+5}
  4189 | D:6      | XOM: scenery: create altars
  4528 | D:6      | HP: 3/70 [kobold brigand/+0 club (5)]
  4529 | D:6      | HP: 1/70 [poisoned by a kobold brigand]
  4529 | D:6      | Slain by a kobold brigand

Illustrated notes

Levels and vault maps discovered:
D:1:      amcnicky_arrival_abandoned_market, layout_basic,
          hellmonk_ecumenical_altar_arch_garden
D:2:      layout_loops_ring
D:3:      layout_rooms, serial_shops, nicolae_shop_advertising_works
          [nicolae_subvault_shop_adworks], st_stairs_5, minmay_door_square,
          kennysheep_potato, uniq_terence
D:4:      layout_basic, mainiacjoe_overflow_six_doors_small,
          lemuel_coloured_pillars_altar
D:5:      layout_basic
D:6:      layout_loops_corners, minmay_temple_entry_drinking_statues,
          gammafunk_ghost_nasty_kobolds, hangedman_glass_teeth

Skill      XL: |  1  2  3  4  5  6  7 |
---------------+----------------------+-----
Dodging        | 2 3 |  3.5
Maces & Flails | 3 4 5 6 |  6.2
Fighting       | 3 4 |  4.0
Stealth        | 1 |  1.2

Action                   |  1- 3 |  4- 6 |  7- 9 || total
-------------------------+-------+-------+-------++-------
Melee: Mace              |   128 |   103 |    24 ||   255
       Punch             |     2 |       |       ||     2
  Use: Potion            |     1 |       |     3 ||     4
       Scroll            |       |     2 |       ||     2
Armor: Robe              |    70 |    49 |    15 ||   134
Dodge: Dodged            |    62 |    57 |    20 ||   139
Block: Other             |       |       |     4 ||     4
       Reflection        |       |       |     2 ||     2
